AoeStats
← TheGreatKING

Black Forest

510839547Analyzed
3v3 RM · 6h ago on Oct 2, 2026· 46m 9s· 6 players
Game mode
Random Map
Map size
Normal (6 player)
Population
200
Speed
Normal
Resources
Standard
Victory
Conquest
Starting age
Dark Age
Ending age
Imperial Age
RankedLock teamsTeams togetherTeam positionsShared explorationLock speedFull tech treeHidden civsTurbo modeCheats
Victory
Defeat
🇹🇷 Turks · Türkiye
1094
+14
🇹🇷 Britons · Türkiye
1044
+16
🇹🇷 Hindustanis · Türkiye
1009
+17
🇹🇷 Italians · Türkiye
1100
-18
🇹🇷 Bohemians · Türkiye
1037
-15
🇹🇷 Mongols · Türkiye
997
-14
REPLICANT
4:02 Loom
16:10 Feudal Age
18:37 Double-Bit Axe
18:35 Horse Collar
21:25 Castle Age
20:00 Stone Mining
22:53 Bow Saw
24:45 Wheelbarrow
24:15 Heavy Plow
28:52 Gold Mining
44:08 Hand Cart
Babuali
0:57 Loom
13:40 Feudal Age
14:48 Double-Bit Axe
14:48 Horse Collar
15:01 Stone Mining
15:03 Gold Mining
17:15 Wheelbarrow
20:26 Castle Age
21:30 Hand Cart
25:27 Bow Saw
25:19 Heavy Plow
26:13 Silk Road
28:53 Caravan
33:20 Imperial Age
31:07 Forging
30:57 Scale Mail Armor
32:25 Iron Casting
32:40 Town Watch
35:33 Blast Furnace
35:11 Conscription
38:08 Chemistry
38:38 Ballistics
38:23 Padded Archer Armor
38:15 Fletching
38:40 Chain Mail Armor
38:30 Scale Barding Armor
39:29 Husbandry
39:39 Bloodlines
38:50 Light Cavalry
40:31 Hussar
41:37 Chain Barding Armor
41:48 Plate Mail Armor
43:33 Plate Barding Armor
BurakHAN
0:31 Loom
13:41 Feudal Age
17:56 Castle Age
15:52 Fishing Lines
16:41 Double-Bit Axe
16:37 Horse Collar
20:00 Fervor
21:05 Wheelbarrow
24:18 Gillnets
25:28 Fortified Wall
25:59 Heavy Plow
28:06 Caravan
29:19 Hand Cart
31:26 Chemistry
30:49 Ballistics
34:43 Imperial Age
32:24 Squires
32:33 Scale Barding Armor
32:38 Forging
32:37 Town Watch
32:31 Elite Skirmisher
32:38 Light Cavalry
33:42 Chain Barding Armor
35:11 Husbandry
36:02 Iron Casting
37:14 Conscription
38:14 Siege Engineers
38:49 Bow Saw
1Q
1:46 Loom
11:06 Feudal Age
12:04 Double-Bit Axe
13:21 Horse Collar
14:23 Stone Mining
16:24 Gold Mining
21:18 Castle Age
19:47 Fishing Lines
23:32 Gillnets
24:12 Heavy Plow
27:26 Imperial Age
26:49 Fletching
27:00 Padded Archer Armor
29:11 Chemistry
29:00 Bodkin Arrow
30:23 Ballistics
30:33 Town Watch
30:52 Bracer
31:08 Leather Archer Armor
31:48 Wheelbarrow
32:16 Yeomen
32:44 Gold Shaft Mining
32:52 Elite Longbowman
33:06 Pikeman
33:47 Squires
34:42 Hand Cart
34:29 Town Patrol
37:10 Ring Archer Armor
38:19 Conscription
38:02 Warwolf
37:53 Halberdier
40:46 Scale Mail Armor
40:57 Forging
TheGreatKING
0:27 Loom
14:20 Feudal Age
14:50 Double-Bit Axe
20:37 Castle Age
19:16 Gold Mining
27:29 Imperial Age
34:43 Wheelbarrow
33:57 Town Watch
34:05 Fishing Lines
39:43 Hand Cart
40:22 Gillnets
41:14 Squires
42:14 Padded Archer Armor
42:05 Fletching
43:17 Bloodlines
44:50 Artillery
45:31 Town Patrol
45:46 Scale Barding Armor
45:52 Forging
45:54 Elite Janissary
DALKILIC
0:28 Loom
10:55 Feudal Age
12:05 Double-Bit Axe
13:07 Fishing Lines
15:55 Horse Collar
16:51 Wheelbarrow
17:16 Gold Mining
21:43 Castle Age
22:30 Caravan
22:57 Bow Saw
24:16 Hand Cart
24:31 Heavy Plow
24:52 Gillnets
28:54 Ballistics
32:35 Imperial Age
30:44 Hand Cart
34:15 Chemistry
34:11 Coinage
36:29 Banking
38:07 Two-Man Saw
Connection lost

Rejoining the realm…

Still unreachable

The connection could not be restored.

Session expired

The server has moved on; the page needs a fresh start.